 Dungeon Crawl Stone Soup version 0.30.0-15-g856e2d3f33 (webtiles) character file.

Game seed: 14616098835727571691

22231 qw the Cleaver (level 12, 0/77 HPs)
             Began as a Gargoyle Cinder Acolyte on May 18, 2023.
             Was a Follower of Okawaru.
             Slain by a manticore (9 damage)
             ... on level 12 of the Dungeon.
             The game lasted 00:07:10 (10917 turns).

qw the Cleaver (Gargoyle Cinder Acolyte)           Turns: 10917, Time: 00:07:11

Health: 0/77       AC: 34    Str: 22    XL:     12   Next: 98%
Magic:  14/15      EV: 13    Int: 16    God:    Okawaru [*.....]
Gold:   760        SH: 17    Dex:  5    Spells: 13/13 levels left

rFire   . . .        Y - +2 war axe
rCold   . . .        d - +0 kite shield
rNeg    + . .        j - +0 plate armour
rPois   inf          e - +2 helmet
rElec   +            k - +0 cloak
rCorr   .            c - +2 pair of gloves
SInv    .            (no boots)
Will    .....        m - amulet of reflection Stlth
                     g - +5 ring of evasion
HPRegen 0.32/turn    (no ring)
MPRegen 0.14/turn

%: reflection
@: heroic, spiked, fire susceptible
A: sickness immunity, AC +8, negative energy resistance 1, electricity
resistance, torment resistance 1, petrification resistance
a: Renounce Religion, Heroism


You were on level 12 of the Dungeon.
You worshipped Okawaru.
Okawaru was aware of your devotion.
You visited 2 branches of the dungeon, and saw 14 of its levels.

You collected 760 gold pieces.


Innate Abilities, Weirdness & Mutations

You are immune to sickness and miasma.
Your stone body is resilient. (AC +8)
You are immune to poison.
You resist negative energy. (rN+)
You are resistant to electric shocks. (rElec)
You are resistant to unholy torment.
You are immune to petrification.


   Skills:
 - Level 10.1(15.1) Fighting
 + Level 12.9(17.9) Axes
 - Level 1.1(6.1) Throwing
 - Level 9.0(14.0) Armour
 - Level 2.1(7.1) Dodging
 - Level 10.9(15.9) Shields
 - Level 1.0 Spellcasting
 - Level 3.0 Fire Magic
 - Level 4.3 Invocations


You had 13 spell levels left.
You didn't know any spells.
Your spell library contained the following spells:

 Spells                   Type           Power      Damage    Failure   Level
 Scorch                   Fire           20%        2d6       83%         2

Inventory:

Hand Weapons
 i - a +0 morningstar
 Y - a +2 war axe (weapon)
Missiles
 h - 9 boomerangs (quivered)
Armour
 c - a +2 pair of gloves (worn)
 d - a +0 kite shield (worn)
 e - a +2 helmet (worn)
 j - a +0 plate armour (worn)
 k - a +0 cloak (worn)
 n - the +1 ring mail of Edghad {Fly rF+ Dex-2}
   (You found it on level 10 of the Dungeon)

   Dex:       It affects your dexterity (-2).
   rF:        It protects you from fire.
   Fly:       It grants you flight.
Jewellery
 a - a ring of protection from fire
 g - a +5 ring of evasion (left hand)
 m - an amulet of reflection (around neck)
Scrolls
 f - a scroll of identify
Potions
 b - a potion of haste
 l - 9 potions of curing
 o - a potion of might

Dungeon Overview and Level Annotations

Branches:
Dungeon (13/15)            Temple (1/1) D:7            Lair (0/5) D:11
    Orc (0/2) D:9
 Vaults: D:13-14

Altars:
Ashenzari
Cheibriados
Dithmenos
Elyvilon
Fedhas
Gozag
Hepliaklqana
Kikubaaqudgha
Makhleb
Nemelex Xobeh
Okawaru
Qazlal
Ru
Sif Muna
Trog
Uskayaw
Vehumet
Wu Jian
Xom
Yredelemnul
Zin
The Shining One

Annotations:
D:4 1 runed translucent door, Crazy Yiuf


Message History

You hit the cyclops.
The cyclops is almost dead.
The cyclops barely misses you.
You hit the cyclops but do no damage.
The cyclops is almost dead.
You block the cyclops's attack.
You slash the cyclops!
You kill the cyclops!
Okawaru accepts your kill.
You start resting.
You feel like a meek peon again.
A manticore comes into view.
10909 ||| INVOKING Heroism.
You gain the combat prowess of a mighty hero.
The manticore flicks its tail.
The volley of spikes hits you!
The barbed spikes become lodged in your body.
The barbs in your skin will harm you if you move.
Continue?
An acid dragon comes into view.
The barbed spikes dig painfully into your body as you move.
The acid dragon roars!
You hit the manticore but do no damage. The acid dragon spits acid at you.
You block splash of acid... and reflect it back!
The splash of acid hits the acid dragon!
The manticore bites you. You block the manticore's attack.
The manticore barely misses you.
You hit the manticore but do no damage. The manticore bites you.
You block the manticore's attack. The manticore claws you.
You hit the manticore.
The manticore is lightly wounded.
You hit the manticore but do no damage.
The manticore is lightly wounded.
The manticore bites you! You block the manticore's attack.
The manticore claws you but does no damage.
You slash the manticore!
The manticore is moderately wounded.
The manticore bites you. The manticore claws you!
You die...

....... .#...#.
.......#.......
.............##
...............
...............
...............
####...H.....#.
.....D.@.....'.
....#...######.
. #(.......#..
#........#...
#............
#...##.......
#..).#....!..
#....#.....#
..##.....^....#
#


You could see a manticore and an acid dragon.

Vanquished Creatures
  A centaur warrior (D:12)
  10 two-headed ogres
  A death knight (D:12)
  A boulder beetle (D:12)
  A deep elf pyromancer (D:12)
  An ugly thing (D:12)
  A cyclops (D:12)
  A manticore (D:11)
  Maurice (D:8)
  2 gargoyles
  An unseen horror (D:6)
  Maggie (D:7)
  A komodo dragon (D:10)
  2 kobold demonologists (D:12)
  A troll (shapeshifter) (D:12)
  4 trolls
  A hornet (D:8)
  A slime creature (D:13)
  A vampire (D:12)
  A wraith (D:12)
  4 shadows
  2 wyverns
  5 fire elementals
  18 yaks
  7 vampire mosquitoes
  2 acid dragons
  2 water moccasins (D:8)
  An ice beast (D:7)
  4 orc warriors
  A sky beast (D:8)
  2 black bears
  3 ogres
  A boggart (D:12)
  2 centaurs
  4 phantoms
  4 kobold brigands
  6 bullfrogs
  A gnoll sergeant (D:9)
  5 scorpions
  4 wights (D:6)
  4 killer bees (D:10)
  9 howler monkeys
  2 jellies
  2 gnoll boudas
  6 hounds
  5 orc priests
  2 sleepcaps (D:7)
  8 orc wizards
  5 iguanas
  18 gnolls
  5 adders
  A shadow imp (D:5)
  4 white imps
  An ufetubus (D:6)
  3 worms (D:2)
  A dart slug (D:5)
  28 orcs
  9 endoplasms
  2 giant cockroaches (D:1)
  5 goblins
  3 hobgoblins
  3 jackals (D:1)
  26 kobolds
  3 quokkas
  6 ball pythons
  3 bats
  12 frilled lizards
  5 rats
293 creatures vanquished.

Vanquished Creatures (others)
  A kobold brigand (D:10)
1 creature vanquished.

Grand Total: 294 creatures vanquished

Notes
Turn   | Place    | Note
-------+----------+-------------------------------------------
     0 | D:1      | qw the Gargoyle Cinder Acolyte began the quest for the Orb.
     0 | D:1      | Reached XP level 1. HP: 14/14 MP: 2/2
     0 | D:1      | 0 ||| qw: Version: 0.2-a-95-gc95f03d
     0 | D:1      | 0 ||| qw: Game counter: 49
     0 | D:1      | 0 ||| qw: Always use a shield: true
     0 | D:1      | 0 ||| qw: God list: Okawaru
     0 | D:1      | 0 ||| qw: Allow faded altars: false
     0 | D:1      | 0 ||| qw: Do Orc after D:15 true
     0 | D:1      | 0 ||| qw: Do second Lair branch before Depths: true
     0 | D:1      | 0 ||| qw: Lair rune preference: random
     0 | D:1      | 0 ||| qw: Plans: Normal
     0 | D:1      | 0 ||| PLANNING D:1-11
    86 | D:1      | Reached skill level 3 in Axes
   105 | D:1      | Reached XP level 2. HP: 19/19 MP: 3/3
   137 | D:1      | 137 ||| Stepping ~*~*~tactically~*~*~ (stealth).
   231 | D:1      | 231 ||| Stepping ~*~*~tactically~*~*~ (stealth).
   242 | D:1      | 242 ||| Stepping ~*~*~tactically~*~*~ (stealth).
   252 | D:1      | 252 ||| Stepping ~*~*~tactically~*~*~ (stealth).
   253 | D:1      | 253 ||| Stepping ~*~*~tactically~*~*~ (stealth).
   254 | D:1      | 254 ||| Stepping ~*~*~tactically~*~*~ (stealth).
   255 | D:1      | 255 ||| Stepping ~*~*~tactically~*~*~ (stealth).
   260 | D:1      | 260 ||| Stepping ~*~*~tactically~*~*~ (stealth).
   275 | D:1      | 275 ||| Stepping ~*~*~tactically~*~*~ (stealth).
   282 | D:1      | 282 ||| Stepping ~*~*~tactically~*~*~ (stealth).
   283 | D:1      | 283 ||| Stepping ~*~*~tactically~*~*~ (stealth).
   292 | D:1      | 292 ||| Stepping ~*~*~tactically~*~*~ (stealth).
   308 | D:1      | 308 ||| Stepping ~*~*~tactically~*~*~ (stealth).
   309 | D:1      | 309 ||| Stepping ~*~*~tactically~*~*~ (stealth).
   310 | D:1      | 310 ||| Stepping ~*~*~tactically~*~*~ (stealth).
   311 | D:1      | 311 ||| Stepping ~*~*~tactically~*~*~ (stealth).
   314 | D:1      | 314 ||| Stepping ~*~*~tactically~*~*~ (stealth).
   335 | D:1      | Reached XP level 3. HP: 22/23 MP: 4/4
   519 | D:1      | 519 ||| Stepping ~*~*~tactically~*~*~ (hiding).
   750 | D:1      | 750 ||| Stepping ~*~*~tactically~*~*~ (hiding).
   965 | D:1      | 965 ||| INVOKING Fiery Armour.
  1040 | D:1      | 1040 ||| UPGRADING to +0 ring mail.
  1050 | D:1      | 1050 ||| DROPPING +0 robe.
  1051 | D:1      | 1051 ||| READING scroll labelled LIAXEE PIEBY.
  1052 | D:1      | 1052 ||| READING scroll labelled QUIHES KERCH.
  1053 | D:1      | 1053 ||| READING 2 scrolls labelled CAKUVU PEN SAO.
  1135 | D:2      | Reached skill level 4 in Axes
  1174 | D:2      | Reached skill level 1 in Armour
  1530 | D:2      | Reached XP level 4. HP: 25/28 MP: 5/5
  1772 | D:2      | 1772 ||| UPGRADING to amulet of regeneration.
  1777 | D:2      | 1777 ||| READING scroll labelled ITISIKL XYED.
  1844 | D:2      | 1844 ||| READING scroll labelled WIMEDW LOAM.
  1845 | D:2      | 1845 ||| READING 2 scrolls labelled PUZI JEMNOPS.
  1846 | D:2      | 1846 ||| READING scroll labelled GEYFEP POSTAPT.
  1847 | D:2      | 1847 ||| DRINKING 3 fizzy emerald potions.
  1848 | D:2      | 1848 ||| DRINKING 2 cyan potions.
  1885 | D:2      | 1885 ||| READING 3 scrolls of identify.
  1885 | D:2      | 1885 ||| IDENTIFYING grey potion
  1886 | D:2      | 1886 ||| READING 2 scrolls of identify.
  1886 | D:2      | 1886 ||| IDENTIFYING murky pink potion
  1887 | D:2      | 1887 ||| DROPPING potion of degeneration.
  1888 | D:2      | 1888 ||| DROPPING potion of brilliance.
  1889 | D:2      | 1889 ||| DROPPING potion of lignification.
  1929 | D:3      | 1929 ||| DROPPING +0 club.
  2029 | D:3      | Noticed a scorpion
  2041 | D:3      | Killed a scorpion
  2042 | D:3      | Reached skill level 5 in Axes
  2042 | D:3      | Reached XP level 5. HP: 28/32 MP: 6/6
  2058 | D:3      | 2058 ||| Stepping ~*~*~tactically~*~*~ (hiding).
  2059 | D:3      | 2059 ||| Stepping ~*~*~tactically~*~*~ (hiding).
  2156 | D:3      | Found a sparkling altar of Nemelex Xobeh.
  2156 | D:3      | Found a stormy altar of Qazlal.
  2255 | D:3      | 2255 ||| UPGRADING to +0 scale mail.
  2265 | D:3      | 2265 ||| UPGRADING to +0 helmet.
  2270 | D:3      | 2270 ||| DROPPING +0 ring mail.
  2271 | D:3      | 2271 ||| READING scroll of enchant armour.
  2271 | D:3      | 2271 ||| ENCHANTING +0 helmet.
  2272 | D:3      | 2272 ||| READING scroll labelled BATOHO NONK.
  2378 | D:4      | Noticed a phantom
  2390 | D:4      | Killed a phantom
  2410 | D:4      | 2410 ||| Stepping ~*~*~tactically~*~*~ (hiding).
  2424 | D:4      | Reached XP level 6. HP: 39/39 MP: 7/7
  2425 | D:4      | 2425 ||| DROPPING +0 whip.
  2488 | D:4      | 2488 ||| READING scroll of enchant weapon.
  2488 | D:4      | 2488 ||| ENCHANTING +0 hand axe of protection.
  2543 | D:4      | 2543 ||| Stepping ~*~*~tactically~*~*~ (stealth).
  2567 | D:4      | 2567 ||| Stepping ~*~*~tactically~*~*~ (stealth).
  3080 | D:4      | Found a runed translucent door.
  3081 | D:4      | Noticed Crazy Yiuf
  3084 | D:4      | 3084 ||| UPGRADING to +0 chain mail.
  3094 | D:4      | 3094 ||| DROPPING +0 scale mail.
  3095 | D:4      | 3095 ||| DROPPING +1 leather armour of cold resistance.
  3096 | D:4      | 3096 ||| READING scroll labelled EWISMU LUSAOD.
  3097 | D:4      | 3097 ||| READING 2 scrolls labelled LIOMUQE ANULAU.
  3098 | D:4      | 3098 ||| DROPPING scroll of vulnerability.
  3175 | D:5      | Entered Level 5 of the Dungeon
  3201 | D:5      | 3201 ||| INVOKING Fiery Armour.
  3211 | D:5      | Reached skill level 6 in Axes
  3211 | D:5      | Reached XP level 7. HP: 39/44 MP: 8/8
  3219 | D:5      | Reached skill level 3 in Armour
  3233 | D:5      | 3233 ||| Stepping ~*~*~tactically~*~*~ (hiding).
  3250 | D:5      | 3250 ||| Stepping ~*~*~tactically~*~*~ (stealth).
  3314 | D:5      | 3314 ||| Stepping ~*~*~tactically~*~*~ (stealth).
  3325 | D:5      | 3325 ||| Stepping ~*~*~tactically~*~*~ (hiding).
  3327 | D:5      | 3327 ||| Stepping ~*~*~tactically~*~*~ (hiding).
  3328 | D:5      | 3328 ||| Stepping ~*~*~tactically~*~*~ (hiding).
  3513 | D:5      | Reached skill level 7 in Axes
  3518 | D:5      | 3518 ||| Stepping ~*~*~tactically~*~*~ (hiding).
  3657 | D:5      | Reached skill level 1 in Throwing
  3657 | D:5      | Reached XP level 8. HP: 49/49 MP: 9/9
  3972 | D:5      | 3972 ||| DROPPING ring of wizardry.
  3973 | D:5      | 3973 ||| UPGRADING to +5 ring of evasion.
  3974 | D:5      | 3974 ||| READING 2 scrolls labelled YKIPNI UZIURU.
  3975 | D:5      | 3975 ||| DROPPING scroll of fear.
  4059 | D:6      | 4059 ||| Stepping randomly (disturbance).
  4163 | D:6      | 4163 ||| Invisibility caster not found???
  4167 | D:6      | Noticed a wyvern
  4169 | D:6      | 4169 ||| Stepping ~*~*~tactically~*~*~ (hiding).
  4194 | D:6      | 4194 ||| INVOKING Fiery Armour.
  4196 | D:6      | Killed a wyvern
  4210 | D:6      | Killed an unseen horror
  4211 | D:6      | Reached skill level 8 in Axes
  4368 | D:6      | 4368 ||| Stepping ~*~*~tactically~*~*~ (hiding).
  4369 | D:6      | 4369 ||| Stepping ~*~*~tactically~*~*~ (hiding).
  4391 | D:6      | 4391 ||| DROPPING +0 flail.
  4451 | D:6      | Found a burning altar of Makhleb.
  4460 | D:6      | Reached skill level 6 in Fighting
  4569 | D:6      | Reached XP level 9. HP: 55/55 MP: 10/10
  4578 | D:6      | Reached skill level 9 in Axes
  4594 | D:6      | 4594 ||| SWAPPING to +0 war axe.
  4610 | D:6      | 4610 ||| DROPPING +1 hand axe of protection.
  4889 | D:6      | 4889 ||| READING scroll labelled AWNIMO DAKOTAL.
  4890 | D:6      | 4890 ||| READING 2 scrolls of identify.
  4890 | D:6      | 4890 ||| IDENTIFYING puce potion
  5001 | D:7      | 5001 ||| INVOKING Fiery Armour.
  5010 | D:7      | HP: 8/57 [orc priest/divine providence (14)]
  5011 | D:7      | 5011 ||| READING scroll of teleportation.
  5073 | D:7      | 5073 ||| DROPPING +1 heavy flail.
  5129 | D:7      | 5129 ||| Stepping ~*~*~tactically~*~*~ (hiding).
  5160 | D:7      | 5160 ||| Stepping ~*~*~tactically~*~*~ (hiding).
  5208 | D:7      | 5208 ||| Stepping ~*~*~tactically~*~*~ (hiding).
  5223 | D:7      | Reached skill level 10 in Axes
  5269 | D:7      | 5269 ||| Stepping ~*~*~tactically~*~*~ (hiding).
  5274 | D:7      | 5274 ||| INVOKING Fiery Armour.
  5301 | D:7      | Noticed Maggie
  5317 | D:7      | Killed Maggie
  5377 | D:7      | 5377 ||| READING scroll of enchant armour.
  5377 | D:7      | 5377 ||| ENCHANTING +1 helmet.
  5489 | D:7      | Found a staircase to the Ecumenical Temple.
  5615 | D:7      | 5615 ||| INVOKING Fiery Armour.
  5629 | D:7      | Reached XP level 10. HP: 64/64 MP: 11/11
  5633 | D:7      | Noticed a two-headed ogre
  5649 | D:7      | Killed a two-headed ogre
  5650 | D:7      | Reached skill level 9 in Fighting
  5793 | D:7      | 5793 ||| UPGRADING to +0 pair of gloves.
  5798 | D:7      | 5798 ||| READING scroll of enchant armour.
  5798 | D:7      | 5798 ||| ENCHANTING +0 pair of gloves.
  5799 | D:7      | 5799 ||| UPGRADING to amulet of reflection.
  5809 | D:7      | 5809 ||| DROPPING amulet of regeneration.
  5810 | D:7      | 5810 ||| READING 4 scrolls labelled IMPASE YGIME.
  5811 | D:7      | 5811 ||| READING 3 scrolls of identify.
  5811 | D:7      | 5811 ||| IDENTIFYING murky sapphire potion
  5812 | D:7      | 5812 ||| READING 2 scrolls of identify.
  5812 | D:7      | 5812 ||| IDENTIFYING glowing sapphire potion
  5813 | D:7      | 5813 ||| DROPPING potion of invisibility.
  5814 | D:7      | 5814 ||| DROPPING 3 scrolls of blinking.
  5903 | D:8      | 5903 ||| INVOKING Fiery Armour.
  5976 | D:8      | 5976 ||| Stepping ~*~*~tactically~*~*~ (hiding).
  6025 | D:8      | 6025 ||| Stepping ~*~*~tactically~*~*~ (stealth).
  6181 | D:8      | Noticed a two-headed ogre
  6184 | D:8      | 6184 ||| INVOKING Fiery Armour.
  6185 | D:8      | HP: 9/66 [two-headed ogre/+0 giant club (19)]
  6186 | D:8      | 6186 ||| READING 2 scrolls of teleportation.
  6187 | D:8      | 6187 ||| DRINKING potion of heal wounds.
  6226 | D:8      | Reached skill level 11 in Axes
  6621 | D:8      | Noticed a two-headed ogre
  6622 | D:8      | 6622 ||| Stepping ~*~*~tactically~*~*~ (stealth).
  6632 | D:8      | Killed a two-headed ogre
  6633 | D:8      | Reached skill level 6 in Armour
  6716 | D:8      | Noticed Maurice
  6743 | D:8      | 6743 ||| INVOKING Fiery Armour.
  6745 | D:8      | HP: 10/66 [two-headed ogre/+0 giant club (15)]
  6746 | D:8      | 6746 ||| READING scroll of teleportation.
  6749 | D:8      | Killed a two-headed ogre
  6938 | D:8      | 6938 ||| DROPPING +0 club.
  6941 | D:8      | 6941 ||| DROPPING +0 whip.
  7055 | D:8      | 7055 ||| Stepping ~*~*~tactically~*~*~ (hiding).
  7065 | D:8      | 7065 ||| INVOKING Fiery Armour.
  7067 | D:8      | Killed Maurice
  7068 | D:8      | Reached XP level 11. HP: 20/71 MP: 12/12
  7233 | D:8      | 7233 ||| DROPPING +0 flail.
  7238 | D:8      | 7238 ||| UPGRADING to +0 cloak.
  7243 | D:8      | 7243 ||| READING 3 scrolls of identify.
  7243 | D:8      | 7243 ||| IDENTIFYING metallic sapphire potion
  7244 | D:8      | 7244 ||| READING 2 scrolls of identify.
  7244 | D:8      | 7244 ||| IDENTIFYING viscous golden potion
  7245 | D:8      | 7245 ||| DROPPING potion of magic.
  7293 | D:9      | Found a staircase to the Orcish Mines.
  7305 | D:9      | Found a basalt altar of Yredelemnul.
  7351 | D:9      | Noticed a two-headed ogre
  7371 | D:9      | 7371 ||| INVOKING Fiery Armour.
  7375 | D:9      | Killed a two-headed ogre
  7422 | D:9      | 7422 ||| Stepping ~*~*~tactically~*~*~ (stealth).
  7432 | D:9      | 7432 ||| Stepping ~*~*~tactically~*~*~ (hiding).
  7439 | D:9      | 7439 ||| Stepping ~*~*~tactically~*~*~ (hiding).
  7457 | D:9      | Reached skill level 12 in Axes
  7461 | D:9      | Noticed a two-headed ogre
  7473 | D:9      | 7473 ||| INVOKING Fiery Armour.
  7478 | D:9      | Killed a two-headed ogre
  7597 | D:9      | 7597 ||| Stepping ~*~*~tactically~*~*~ (hiding).
  7598 | D:9      | 7598 ||| Stepping ~*~*~tactically~*~*~ (hiding).
  7640 | D:9      | 7640 ||| Stepping ~*~*~tactically~*~*~ (stealth).
  7660 | D:9      | 7660 ||| Stepping ~*~*~tactically~*~*~ (stealth).
  7662 | D:9      | 7662 ||| Stepping ~*~*~tactically~*~*~ (stealth).
  7664 | D:9      | 7664 ||| Stepping ~*~*~tactically~*~*~ (hiding).
  7697 | D:9      | 7697 ||| READING scroll of enchant weapon.
  7697 | D:9      | 7697 ||| ENCHANTING +0 war axe.
  7849 | D:9      | 7849 ||| INVOKING Fiery Armour.
  8035 | D:9      | 8035 ||| Stepping randomly (disturbance).
  8039 | D:9      | 8039 ||| Stepping randomly (disturbance).
  8210 | D:9      | 8210 ||| PLANNING TEMPLE
  8210 | D:9      | 8210 ||| UPGRADING to +0 kite shield.
  8215 | D:9      | 8215 ||| UPGRADING to +0 plate armour.
  8225 | D:9      | 8225 ||| DROPPING +0 chain mail.
  8272 | Temple   | Entered the Ecumenical Temple
  8273 | Temple   | 8273 ||| PLANNING OKAWARU WORSHIP
  8280 | Temple   | Fell from the grace of Ignis
  8280 | Temple   | Became a worshipper of Warmaster Okawaru
  8280 | Temple   | 8280 ||| PLANNING D:1-11
  8339 | D:10     | Entered Level 10 of the Dungeon
  8346 | D:10     | Reached skill level 1 in Shields
  8350 | D:10     | 8350 ||| STAIRDANCE
  8517 | D:10     | Noticed a two-headed ogre
  8530 | D:10     | Killed a two-headed ogre
  8530 | D:10     | Reached * piety under Okawaru
  8536 | D:10     | 8536 ||| READING scroll of enchant armour.
  8536 | D:10     | 8536 ||| ENCHANTING +1 pair of gloves.
  8540 | D:10     | 8540 ||| INVOKING Heroism.
  8605 | D:10     | HP: 11/72 [troll (9)]
  8606 | D:10     | HP: 5/72 [troll (7)]
  8608 | D:10     | 8608 ||| INVOKING Heroism.
  8618 | D:10     | HP: 5/72 [yak (3)]
  8620 | D:10     | Reached skill level 1 in Invocations
  8621 | D:10     | 8621 ||| INVOKING Heroism.
  8630 | D:10     | Reached skill level 6 in Shields
  8841 | D:10     | Identified the +1 ring mail of Edghad {Fly rF+ Dex-2}
  8854 | D:10     | 8854 ||| READING 2 scrolls of identify.
  8854 | D:10     | 8854 ||| IDENTIFYING lumpy inky potion
  8855 | D:10     | 8855 ||| DROPPING potion of flight.
  8879 | D:10     | 8879 ||| READING scroll of enchant weapon.
  8879 | D:10     | 8879 ||| ENCHANTING +1 war axe.
  8951 | D:10     | 8951 ||| INVOKING Heroism.
  9172 | D:11     | 9172 ||| Stepping ~*~*~tactically~*~*~ (stealth).
  9175 | D:11     | 9175 ||| Stepping ~*~*~tactically~*~*~ (stealth).
  9176 | D:11     | 9176 ||| INVOKING Heroism.
  9178 | D:11     | 9178 ||| Stepping ~*~*~tactically~*~*~ (stealth).
  9181 | D:11     | 9181 ||| Stepping ~*~*~tactically~*~*~ (stealth).
  9190 | D:11     | Reached skill level 3 in Invocations
  9233 | D:11     | Noticed a two-headed ogre
  9234 | D:11     | 9234 ||| INVOKING Heroism.
  9245 | D:11     | Killed a two-headed ogre
  9246 | D:11     | Reached XP level 12. HP: 62/77 MP: 12/14
  9351 | D:11     | Noticed a two-headed ogre
  9360 | D:11     | Killed a two-headed ogre
  9437 | D:11     | 9437 ||| Stepping ~*~*~tactically~*~*~ (hiding).
  9440 | D:11     | 9440 ||| Stepping ~*~*~tactically~*~*~ (hiding).
  9578 | D:11     | Found a staircase to the Lair.
  9579 | D:11     | 9579 ||| INVOKING Heroism.
  9600 | D:11     | 9600 ||| INVOKING Heroism.
  9779 | D:11     | 9779 ||| INVOKING Heroism.
  9817 | D:11     | You fall into a shaft and drop 2 floors!
  9952 | D:12     | 9952 ||| INVOKING Heroism.
  9960 | D:12     | Reached skill level 9 in Shields
 10114 | D:12     | 10114 ||| Stepping ~*~*~tactically~*~*~ (stealth).
 10117 | D:12     | 10117 ||| INVOKING Heroism.
 10122 | D:12     | Noticed a boulder beetle
 10150 | D:12     | 10150 ||| INVOKING Heroism.
 10179 | D:12     | 10179 ||| INVOKING Heroism.
 10191 | D:12     | Noticed a two-headed ogre
 10195 | D:12     | Noticed a two-headed ogre
 10198 | D:12     | Noticed a two-headed ogre
 10198 | D:12     | 10198 ||| Stepping ~*~*~tactically~*~*~ (hiding).
 10202 | D:12     | 10202 ||| INVOKING Heroism.
 10218 | D:12     | 10218 ||| Stepping ~*~*~tactically~*~*~ (hiding).
 10222 | D:12     | 10222 ||| INVOKING Heroism.
 10240 | D:12     | Killed a two-headed ogre
 10249 | D:12     | 10249 ||| INVOKING Heroism.
 10249 | D:12     | HP: 16/77 [two-headed ogre/+0 giant club[a boggart] (16)]
 10250 | D:12     | 10250 ||| DRINKING potion of heal wounds.
 10278 | D:12     | 10278 ||| INVOKING Heroism.
 10317 | D:12     | 10317 ||| INVOKING Heroism.
 10328 | D:12     | Killed a boulder beetle
 10405 | D:12     | 10405 ||| Stepping ~*~*~tactically~*~*~ (stealth).
 10413 | D:12     | 10413 ||| INVOKING Heroism.
 10617 | D:12     | Noticed a two-headed ogre
 10626 | D:12     | Reached skill level 9 in Armour
 10631 | D:12     | 10631 ||| INVOKING Heroism.
 10636 | D:12     | Killed a two-headed ogre
 10659 | D:12     | Noticed a centaur warrior
 10660 | D:12     | 10660 ||| INVOKING Heroism.
 10673 | D:12     | Killed a centaur warrior
 10775 | D:12     | 10775 ||| Stepping ~*~*~tactically~*~*~ (stealth).
 10784 | D:12     | Noticed a death knight
 10791 | D:12     | 10791 ||| INVOKING Heroism.
 10806 | D:12     | Killed a death knight
 10818 | D:12     | 10818 ||| INVOKING Heroism.
 10909 | D:12     | 10909 ||| INVOKING Heroism.
 10916 | D:12     | HP: 13/77 [manticore (15)]
 10917 | D:12     | Slain by a manticore

Levels and vault maps discovered:
D:1:      zelgadis_glass_arrival_small, layout_basic, minmay_lizard_king
D:2:      layout_loops_ring, grunt_ministairs_14
D:3:      layout_basic, gammafunk_temple_overflow_elements, st_stairs_4
D:4:      layout_loops_ring, uniq_crazy_yiuf_cottage
D:5:      layout_basic
D:6:      layout_loops_cross, makhleb_heckhound_becter
D:7:      minmay_thinvault, layout_rooms, minmay_temple_entry_drinking_statues,
          uniq_maggie
D:8:      layout_loops_ring, grunt_ministairs_9, dk_noncrumbling_4, uniq_maurice
D:9:      layout_rooms, nicolae_overflow_hidden_temple, orc_0_dummy
D:10:     layout_rooms
D:11:     layout_cave_pools, lair_entry_dummy,
          nicolae_wu_jian_immortal_techniques
D:12:     nzn_winding_woodlands_medium [nzn_winding_woodlands_hourglass,
          nzn_winding_woodlands_5x15_crooked, nzn_winding_woodlands_5x5_default,
          nzn_winding_woodlands_5x5_checkerboard,
          nzn_winding_woodlands_center_garden,
          nzn_winding_woodlands_5x5_perimeter,
          nzn_winding_woodlands_5x5_closed_star,
          nzn_winding_woodlands_5x15_jagged, nzn_winding_woodlands_5x5_default],
          layout_basic, enter_trove_1, hellmonk_scale_shop, uniq_urug
D:13:     layout_big_octagon, fedhas_altar_1, uniq_nessos
Temple:   nicolae_temple_no_exploring_needed

Skill      XL: |  1  2  3  4  5  6  7  8  9 10 11 12 |
---------------+-------------------------------------+-----
Axes           | 3 4 5 6 7 8 10 11 12 | 12.9
Armour         | 1 2 3 4 5 6 8 9 |  9.0
Fighting       | 4 5 6 7 9 10 | 10.1
Throwing       | 1 |  1.1
Dodging        | 2 |  2.1
Shields        | 6 10 | 10.9
Invocations    | 3 4 |  4.3
Spellcasting   | |  1.0
Fire Magic     | |  3.0

Action                     |  1- 3 |  4- 6 |  7- 9 | 10-12 || total
---------------------------+-------+-------+-------+-------++-------
  Melee: Hand axe          |   113 |   177 |   197 |       ||   487
         Punch             |     1 |     1 |     6 |     5 ||    13
         War axe           |       |       |   156 |   748 ||   904
  Throw: Boomerang         |    26 |    50 |    49 |    76 ||   201
 Invoke: Fiery Armour      |     1 |     1 |     4 |     7 ||    13
         Heroism           |       |       |       |    24 ||    24
    Use: Scroll            |     3 |    11 |     5 |    12 ||    31
         Potion            |       |     2 |       |     2 ||     4
 Armour: Robe              |    20 |       |       |       ||    20
         Ring mail         |    19 |    39 |       |       ||    58
         Scale mail        |       |    34 |       |       ||    34
         Chain mail        |       |    10 |   188 |   156 ||   354
         Plate armour      |       |       |       |   229 ||   229
  Dodge: Dodged            |    40 |    91 |   186 |   328 ||   645
  Block: Other             |       |       |       |    70 ||    70
         Reflection        |       |       |       |    12 ||    12
         Kite shield       |       |       |       |   323 ||   323

Table legend:
 A = Non-vault XP
 B = Vault XP
 C = Vault XP percentage of total XP
 D = Non-vault monster count
 E = Vault monster count
 F = Vault count percentage of total count
                 A         B        C        D         E       F
            +---------+---------+-------+---------+---------+-------
      Total |   20741 |   11018 |  34.7 |     230 |      58 |  20.1
            +---------+---------+-------+---------+---------+-------
        D:1 |      35 |      10 |  22.2 |      20 |      10 |  33.3
        D:2 |      35 |       3 |   7.9 |      10 |       2 |  16.7
        D:3 |     117 |       6 |   4.9 |      15 |       3 |  16.7
        D:4 |     287 |       0 |   0.0 |      19 |       0 |   0.0
        D:5 |     748 |       0 |   0.0 |      23 |       0 |   0.0
        D:6 |    1530 |      40 |   2.5 |      19 |       1 |   5.0
        D:7 |     846 |    2148 |  71.7 |      21 |      17 |  44.7
        D:8 |    2707 |     776 |  22.3 |      22 |       3 |  12.0
        D:9 |    4121 |       0 |   0.0 |      33 |       0 |   0.0
       D:10 |    4247 |       0 |   0.0 |      26 |       0 |   0.0
       D:11 |    3588 |       0 |   0.0 |      14 |       0 |   0.0
       D:12 |    2241 |    8035 |  78.2 |       7 |      22 |  75.9
       D:13 |     239 |       0 |   0.0 |       1 |       0 |   0.0
            +---------+---------+-------+---------+---------+-------
